 Dungeon Crawl Stone Soup version 0.21-a0-538-gd16b88a (webtiles) character file.

78 Gildeon the Ruffian (level 4, 0/35 HPs)
             Began as a Draconian Transmuter on Dec 16, 2017.
             Killed from afar by an orc wizard (10 damage)
             ... with a puff of flame
             ... on level 2 of the Dungeon.
             The game lasted 00:11:31 (1687 turns).

Gildeon the Ruffian (Draconian Transmuter)          Turns: 1687, Time: 00:11:32

Health: 0/35       AC:  5    Str: 14    XL:     4   Next: 15%
Magic:  6/7        EV: 12    Int: 13    God:
Gold:   22         SH:  0    Dex: 11    Spells: 1/7 levels left

rFire    . . .     SeeInvis .     - Unarmed
rCold    . . .     Gourm    .   (no shield)
rNeg     . . .     Faith    .   (armour unavailable)
rPois    .         Spirit   .   (helmet restricted)
rElec    .         Reflect  .   (no cloak)
rCorr    .         Harm     .   (no gloves)
MR       .....                  (no boots)
Stlth    +.........             (no amulet)
HPRegen  0.11/turn              (no ring)
MPRegen  0.10/turn              (no ring)

@: no status effects
A: unfitting armour, cold-blooded, AC +5
a: no special abilities


You were on level 2 of the Dungeon.
You were not hungry.

You visited 1 branch of the dungeon, and saw 2 of its levels.

You collected 22 gold pieces.

Inventory:

Missiles
 a - 12 arrows
Scrolls
 d - a scroll of blinking {unknown}
 i - a scroll of identify {unknown}
 j - a scroll of enchant weapon {unknown}
 l - a scroll of amnesia {unknown}
Potions
 e - a potion of brilliance {unknown}
 h - 2 potions of curing {unknown}
 k - a potion of flight {unknown}
 n - a potion of degeneration {unknown}
Books
 b - a book of Changes

   Spells                             Type                      Level
   a - Beastly Appendage              Transmutation                1
   b - Sticks to Snakes               Transmutation                2
   c - Spider Form                    Transmutation/Poison         3
   d - Ice Form                       Ice/Transmutation            4
   e - Blade Hands                    Transmutation                5
Comestibles
 c - a bread ration
 f - 7 fruits
 g - a meat ration
 m - 6 chunks of flesh


   Skills:
 + Level 1.1 Fighting
 - Level 1.7 Dodging
 - Level 5.0 Unarmed Combat
 - Level 2.0 Spellcasting
 - Level 2.0 Transmutations


You had one spell level left.
You knew the following spells:

 Your Spells              Type           Power        Failure   Level  Hunger
a - Beastly Appendage     Tmut           #.....       11%         1    ##.....
b - Sticks to Snakes      Tmut           #.......     17%         2    ###....
c - Spider Form           Tmut/Pois      #.........   45%         3    ####...


Dungeon Overview and Level Annotations

Branches:
Dungeon (2/15)

Altars:

Annotations:
D:2 Natasha


Innate Abilities, Weirdness & Mutations

Your plain brown scales are hard. (AC +5)
You cannot fit into any form of body armour.
You are cold-blooded and may be slowed by cold attacks.


Message History

The magic dart hits you!
You closely miss the orc wizard.
The orc wizard is lightly wounded.
The orc hits you but does no damage.
The orc wizard mumbles some strange words.
The orc wizard seems to speed up.
The orc wizard hits you but does no damage.
You see here a stone.
You hit the orc wizard.
The orc wizard is moderately wounded.
The orc wizard hits you with a dagger.
* * * LOW HITPOINT WARNING * * *
You hit the orc wizard.
The orc wizard is severely wounded.
The orc wizard hits you but does no damage.
You closely miss the orc wizard.
The orc wizard is severely wounded.
The orc wizard points at you and mumbles some strange words.
The puff of flame hits you!
You die...

#............######## ##.#
########.#####.##### #.#
#.....#### #<....# #.#
#.###.#.####.#.#.### #.# #.#
#.##.#.........# ..#
###.####.#.#.#.#
..####.##........#.####
......##.......###o...#######
..######....>..(@oo..........
.......##....########o#######
######.#####.# #.# #.#####.#
#o# ####.......# #S#
#.......###>...... ...
#....###.# ######## #.#
.....# #.. #.# .....# #..#


You could see 2 orc wizards and 2 orcs.

Vanquished Creatures
  4 adders (D:2)
  A dart slug (D:2)
  A leopard gecko (D:1)
  An orc (D:2)
  3 bats
  4 giant cockroaches
  5 goblins
  5 hobgoblins
  3 kobolds
  A quokka (D:2)
  5 frilled lizards
  6 rats
39 creatures vanquished.

Notes
Turn   | Place    | Note
-------+----------+-------------------------------------------
     0 | D:1      | Gildeon the Draconian Transmuter began the quest for the Orb.
     0 | D:1      | Reached XP level 1. HP: 16/16 MP: 3/3
   129 | D:1      | Reached XP level 2. HP: 19/23 MP: 3/5
   803 | D:1      | Reached skill level 4 in Unarmed Combat
   888 | D:2      | Noticed Natasha
   959 | D:2      | Learned a level 2 spell: Sticks to Snakes
  1301 | D:2      | Reached XP level 3. HP: 28/28 MP: 6/6
  1309 | D:2      | Learned a level 3 spell: Spider Form
  1674 | D:2      | Reached XP level 4. HP: 16/35 MP: 5/7
  1679 | D:2      | Reached skill level 5 in Unarmed Combat
  1687 | D:2      | Killed from afar by an orc wizard

Vault maps used:
D:1:      dpeg_arrival_line_fractal
D:2:      grunt_temple_overflow_magic_moments, amethyst_killhole, uniq_natasha

Skill      XL: |  1  2  3  4 |
---------------+-------------+-----
Unarmed Combat | 4 5 |  5.0
Fighting       | |  1.1
Dodging        | |  1.7
Spellcasting   | |  2.0
Transmutations | |  2.0

Action                   |  1- 3 |  4- 6 || total
-------------------------+-------+-------++-------
Melee: Unarmed           |   121 |    11 ||   132
       Kick              |     7 |       ||     7
       Tailslap          |    12 |       ||    12
       Headbutt          |     5 |       ||     5
       Punch             |     2 |     1 ||     3
 Cast: Beastly Appendage |    21 |       ||    21
  Use: Scroll            |     2 |       ||     2
       Potion            |     1 |       ||     1
  Eat: Chunk             |     3 |       ||     3
Armor: Skin              |    34 |     2 ||    36
Dodge: Dodged            |    72 |     7 ||    79

Table legend:
 A = Spawn XP
 B = Non-spawn XP
 C = Spawn XP percentage of total XP
 D = Spawn monster count
 E = Non-spawn monster count
 F = Spawn count percentage of total count
 G = Total turns spent on level
                    A         B        C        D         E        F      G
               +---------+---------+-------+---------+---------+-------+---------
         Total |       0 |     112 |   0.0 |       0 |      39 |   0.0 |  1687
               +---------+---------+-------+---------+---------+-------+---------
           D:1 |       0 |      30 |   0.0 |       0 |      18 |   0.0 |   939
           D:2 |       0 |      82 |   0.0 |       0 |      21 |   0.0 |   748
               +---------+---------+-------+---------+---------+-------+---------
